 Dungeon Crawl Stone Soup version 0.28-a0-751-gef3a642a4e (webtiles) character file.

Game seed: 7090815775545121843

1315 Gargoyl the Skirmisher (level 8, -4/67 HPs)
             Began as a Gnoll Abyssal Knight on Oct 30, 2021.
             Was a Priest of Lugonu.
             Slain by Gargoyl's ghost (15 damage)
             ... on level 5 of the Dungeon.
             The game lasted 00:06:27 (5858 turns).

Gargoyl the Skirmisher (Gnoll Abyssal Knight)       Turns: 5858, Time: 00:06:28

Health: -4/67      AC: 15    Str: 14    XL:     8   Next: 58%
Magic:  13/13      EV: 10    Int:  5    God:    Lugonu [***...]
Gold:   129        SH:  0    Dex: 20    Spells: 13/13 levels left

rFire   + . .      SeeInvis .   g - +4 quarterstaff (chaos)
rCold   . . .      Faith    .   (shield currently unavailable)
rNeg    . . .      Spirit   .   c - +0 plate armour
rPois   .          Reflect  .   (no helmet)
rElec   .          Harm     .   h - +2 cloak
rCorr   .          Rampage  .   (no gloves)
Will    .....                   (no boots)
Stlth   ..........              (no amulet)
HPRegen 0.21/turn               f - +4 ring of evasion
MPRegen 0.13/turn               e - ring "Atsewnilu" {rF+ Int-4 Dex+6 Slay+2}

@: no status effects
A: fangs 1, strong nose, distributed training
a: Renounce Religion, Depart the Abyss, Bend Space, Banish


You were on level 5 of the Dungeon.
You worshipped Lugonu.
Lugonu was most pleased with you.
You visited 1 branch of the dungeon, and saw 8 of its levels.
You visited the Abyss 1 time.

You collected 226 gold pieces.
You spent 97 gold pieces at shops.

Inventory:

Hand Weapons
 a - a +1 hand axe
 g - a +4 quarterstaff of chaos (weapon)
 n - a +0 war axe
 r - a +1 falchion of holy wrath
Missiles
 i - 19 poisoned darts (quivered)
Armour
 c - a +0 plate armour (worn)
 h - a +2 cloak (worn)
Jewellery
 e - the ring "Atsewnilu" (right hand) {rF+ Int-4 Dex+6 Slay+2}
   (You acquired it on level 3 of the Dungeon)

   [ring of dexterity]

   Int:       It affects your intelligence (-4).
   Dex:       It affects your dexterity (+6).
   Slay:      It affects your accuracy & damage with ranged weapons and melee
   (+2).
   rF:        It protects you from fire.
 f - a +4 ring of evasion (left hand)
 o - a ring of see invisible
 q - a ring of resist corrosion
Wands
 l - a wand of polymorph (11)
Scrolls
 k - 2 scrolls of teleportation
 s - a scroll of identify
Potions
 b - a potion of brilliance {unknown}
 d - a potion of ambrosia
 j - 2 potions of degeneration {unknown}
 m - 2 potions of curing {unknown}
 p - a potion of mutation {unknown}


   Skills:
 + Level 7.4 Fighting
 + Level 3.4 Short Blades
 + Level 3.4 Long Blades
 + Level 5.7 Axes
 + Level 3.4 Maces & Flails
 + Level 3.4 Polearms
 + Level 3.4 Staves
 + Level 3.4 Slings
 + Level 3.4 Bows
 + Level 3.4 Crossbows
 + Level 3.4 Throwing
 + Level 5.7 Armour
 + Level 4.3 Dodging
 + Level 3.4 Stealth
 + Level 3.4 Shields
 + Level 3.4 Unarmed Combat
 + Level 3.4 Spellcasting
 + Level 2.7 Conjurations
 + Level 2.7 Hexes
 + Level 2.7 Summonings
 + Level 2.7 Necromancy
 + Level 2.7 Translocations
 + Level 2.7 Transmutations
 + Level 2.7 Fire Magic
 + Level 2.7 Ice Magic
 + Level 2.7 Air Magic
 + Level 2.7 Earth Magic
 + Level 2.7 Poison Magic
 + Level 6.0 Invocations
 + Level 3.4 Evocations


You had 13 spell levels left.
You didn't know any spells.
Your spell library contained the following spells:

 Spells                   Type           Power      Damage    Failure   Level
 Blink                    Tloc           6%         N/A       100%        2
 Alistair's Intoxication  Tmut/Pois      2%         N/A       100%        5
 Borgnjor's Vile Clutch   Necr/Erth      1%         N/A       100%        5
 Manifold Assault         Tloc           3%         N/A       100%        5
 Eringya's Noxious Bog    Tmut/Pois      1%         N/A       100%        6
 Storm Form               Tmut/Air       1%         N/A       100%        7


Dungeon Overview and Level Annotations

Branches:
Dungeon (8/15)             Temple (0/1) D:4
   Lair: D:8-11

Altars:
Beogh

Shops:
D:3 *   D:8 ?

Annotations:
D:5 Gargoyl's ghost, novice GnAK
D:6 1 runed translucent door


Innate Abilities, Weirdness & Mutations

You have very sharp teeth.
Your uncanny sense of smell can sniff out nearby items.
Your experience applies equally to all skills.


Message History

The orc shouts! x2
The orc shouts!
Found a pair of boots.
Found a roughly hewn altar of Beogh.
Gargoyl's ghost takes a fighting stance.
You see here a +2 whip of holy wrath.
Items here: ))) [.
You see here a +2 whip of holy wrath.
The orc shouts!
The orc shouts!
You open the gate.
Your plate armour prevents you from hitting the orc.
You bite the orc.
The orc is moderately wounded.
The orc closely misses you.
You sock the orc!
You kill the orc!
Lugonu accepts your kill.
You hit Gargoyl's ghost but do no damage.
Gargoyl's ghost misses you.
You hit Gargoyl's ghost.
Gargoyl's ghost convulses.
You bite Gargoyl's ghost, but do no damage.
Gargoyl's ghost is lightly damaged.
Gargoyl's ghost hits you.
You are electrocuted!
You hit Gargoyl's ghost. You freeze Gargoyl's ghost.
Gargoyl's ghost is lightly damaged.
The orc priest mumbles some strange prayers to Beogh against you.
Beogh smites you!
Gargoyl's ghost hits you but does no damage.
You hit Gargoyl's ghost but do no damage.
You bite Gargoyl's ghost.
Gargoyl's ghost is lightly damaged.
Gargoyl's ghost sneers, "Do you call that fighting?"
Gargoyl's ghost hits you!
You hit Gargoyl's ghost. You freeze Gargoyl's ghost.
Gargoyl's ghost is moderately damaged.
Gargoyl's ghost hits you!
You are electrocuted!
* * * LOW HITPOINT WARNING * * *
Gargoyl's ghost hits you but does no damage.
You are electrocuted!
You die...

#..............#
#..#..######...#
#.....# #...# ####.##
###...##
#.#####.......
#.............
#####.###.#.#.####
#...........).#
#@###.###.#.#)#
#W###.# #.#.#.#
#####o##..###.#.#.####
#...ooo.........#.#...
#8...o.........8#.#.##
#######'''#########.#
#...o........o# #.#
#....#####....# #.##
#.###....o###.# #...


You could see an orc priest, Gargoyl's ghost and 5 orcs.

Vanquished Creatures
  A steam dragon (D:8)
  A phantom (D:5)
  3 bullfrogs
  3 scorpions
  A water moccasin zombie (D:4)
  A water moccasin skeleton (D:4)
  A centaur zombie (D:8)
  2 bullfrog skeletons
  A hound (D:5)
  An orc priest (D:5)
  Crazy Yiuf (D:3)
  A gnoll shaman (D:5)
  5 iguanas
  2 orc wizards
  2 hound skeletons (D:4)
  7 gnolls (D:5)
  A howler monkey skeleton (D:3)
  An adder (D:5)
  3 white imps
  2 worms
  A dart slug (D:4)
  13 orcs
  4 endoplasms
  5 giant cockroaches
  4 goblins
  9 hobgoblins
  6 jackals
  4 quokkas
  4 ball pythons
  7 bats
  A frilled lizard (D:3)
  6 kobolds
  9 rats
113 creatures vanquished.

Notes
Turn   | Place    | Note
-------+----------+-------------------------------------------
     0 | Abyss:1  | Gargoyl the Gnoll Abyssal Knight began the quest for the
                  | Orb.
     0 | Abyss:1  | Reached XP level 1. HP: 23/23 MP: 3/3
    53 | Abyss:2  | Noticed a fire bat
    59 | Abyss:2  | Noticed a fire bat
    63 | D:1      | Escaped the Abyss
   277 | D:1      | Reached * piety under Lugonu
   425 | D:1      | Reached XP level 2. HP: 28/29 MP: 5/5
   897 | D:1      | Reached XP level 3. HP: 35/35 MP: 6/6
  1563 | D:2      | Reached ** piety under Lugonu
  2108 | D:3      | Identified a scroll of acquirement
  2108 | D:3      | Acquired the ring "Atsewnilu" {rF+ Int-4 Dex+6 Slay+2}
  2134 | D:3      | Reached skill level 1 in Short Blades
  2134 | D:3      | Reached skill level 1 in Long Blades
  2134 | D:3      | Reached skill level 1 in Maces & Flails
  2134 | D:3      | Reached skill level 1 in Polearms
  2134 | D:3      | Reached skill level 1 in Staves
  2134 | D:3      | Reached skill level 1 in Slings
  2134 | D:3      | Reached skill level 1 in Bows
  2134 | D:3      | Reached skill level 1 in Crossbows
  2134 | D:3      | Reached skill level 1 in Throwing
  2134 | D:3      | Reached skill level 1 in Stealth
  2134 | D:3      | Reached skill level 1 in Shields
  2134 | D:3      | Reached skill level 1 in Unarmed Combat
  2134 | D:3      | Reached skill level 1 in Spellcasting
  2134 | D:3      | Reached skill level 1 in Evocations
  2154 | D:3      | Found a runed translucent door.
  2155 | D:3      | Noticed Crazy Yiuf
  2301 | D:3      | Reached XP level 4. HP: 40/41 MP: 7/7
  2551 | D:3      | Found Urantiggac's General Store.
  2566 | D:3      | Reached skill level 1 in Conjurations
  2566 | D:3      | Reached skill level 1 in Hexes
  2566 | D:3      | Reached skill level 1 in Summonings
  2566 | D:3      | Reached skill level 1 in Necromancy
  2566 | D:3      | Reached skill level 1 in Translocations
  2566 | D:3      | Reached skill level 1 in Transmutations
  2566 | D:3      | Reached skill level 1 in Fire Magic
  2566 | D:3      | Reached skill level 1 in Ice Magic
  2566 | D:3      | Reached skill level 1 in Air Magic
  2566 | D:3      | Reached skill level 1 in Earth Magic
  2566 | D:3      | Reached skill level 1 in Poison Magic
  2866 | D:3      | Killed Crazy Yiuf
  2867 | D:3      | Reached XP level 5. HP: 47/47 MP: 8/8
  2962 | D:4      | Reached skill level 5 in Invocations
  2962 | D:4      | Reached XP level 6. HP: 34/53 MP: 9/9
  3290 | D:4      | Found a staircase to the Ecumenical Temple.
  3306 | D:4      | Reached skill level 5 in Axes
  3306 | D:4      | Reached skill level 5 in Armour
  3678 | D:5      | Entered Level 5 of the Dungeon
  3686 | D:4      | Reached XP level 7. HP: 27/59 MP: 10/10
  4025 | D:4      | Reached skill level 7 in Fighting
  4169 | D:5      | You fall into a shaft and drop 3 floors!
  4210 | D:8      | Found Saur's Magic Scroll Emporium.
  4224 | D:8      | Reached *** piety under Lugonu
  4257 | D:8      | Bought a scroll of enchant armour for 97 gold pieces
  4260 | D:8      | Noticed a steam dragon
  4274 | D:8      | Killed a steam dragon
  4575 | D:6      | Found a runed translucent door.
  4739 | D:5      | Reached XP level 8. HP: 67/67 MP: 12/12
  5274 | D:5      | Noticed Gargoyl's ghost (novice GnAK)
  5274 | D:5      | Found a runed translucent gate.
  5274 | D:5      | Found a runed translucent gate.
  5274 | D:5      | Found a runed translucent gate.
  5858 | D:5      | Slain by Gargoyl's ghost

Illustrated notes

Levels and vault maps discovered:
D:1:      minmay_arrival_wavy_path, layout_loops_corners, minmay_tripent
D:2:      layout_rooms, grunt_decor_junction, minmay_misc_feat_nine_boxes
D:3:      layout_loops_ring, serial_shops,
          nicolae_shop_competitors_out_of_business, kennysheep_donut,
          uniq_crazy_yiuf_cottage
D:4:      layout_basic, minmay_temple_entry_grid
D:5:      layout_basic, biasface_ghost_orc_armoury,
          minmay_misc_feat_four_crosses, grunt_ministairs_13
D:6:      lemuel_ratsnest, layout_basic, nicolae_gozag_seed_capital,
          ebering_ghost_reflecting_pool
D:7:      layout_loops_corners, minmay_overflow_temple_star_hex,
          minmay_shop_enchanted_jewellery
D:8:      layout_gridville, serial_shops, nicolae_square_shop

Skill      XL: |  1  2  3  4  5  6  7  8 |
---------------+-------------------------+-----
Short Blades   | 1 2 3 |  3.4
Long Blades    | 1 2 3 |  3.4
Maces & Flails | 1 2 3 |  3.4
Polearms       | 1 2 3 |  3.4
Staves         | 1 2 3 |  3.4
Slings         | 1 2 3 |  3.4
Bows           | 1 2 3 |  3.4
Crossbows      | 1 2 3 |  3.4
Throwing       | 1 2 3 |  3.4
Stealth        | 1 2 3 |  3.4
Shields        | 1 2 3 |  3.4
Unarmed Combat | 1 2 3 |  3.4
Spellcasting   | 1 2 3 |  3.4
Evocations     | 1 2 3 |  3.4
Conjurations   | 1 2 |  2.7
Hexes          | 1 2 |  2.7
Summonings     | 1 2 |  2.7
Necromancy     | 1 2 |  2.7
Translocations | 1 2 |  2.7
Transmutations | 1 2 |  2.7
Fire Magic     | 1 2 |  2.7
Ice Magic      | 1 2 |  2.7
Air Magic      | 1 2 |  2.7
Earth Magic    | 1 2 |  2.7
Poison Magic   | 1 2 |  2.7
Dodging        | 3 4 |  4.3
Invocations    | 5 6 |  6.0
Axes           | 5 |  5.7
Armour         | 5 |  5.7
Fighting       | 7 |  7.4

Action                   |  1- 3 |  4- 6 |  7- 9 || total
-------------------------+-------+-------+-------++-------
Melee: Hand axe          |   137 |    41 |       ||   178
       Bite              |    13 |    15 |    19 ||    47
       Quarterstaff      |       |    50 |   128 ||   178
Throw: Dart              |       |       |     8 ||     8
Invok: Depart the Abyss  |     1 |       |       ||     1
  Use: Scroll            |     3 |     3 |     2 ||     8
Armor: Plate armour      |   141 |    67 |    76 ||   284
Dodge: Dodged            |    64 |    35 |    64 ||   163

Table legend: (Time is in decaauts)
 A = Elapsed time spent in this place.
 B = Non-inter-level travel time spent in this place.
 C = Inter-level travel time spent in this place.
 D = Time resting spent in this place.
 E = Time spent auto-exploring this place.
 F = Levels seen in this place.
 G = Mean time per level.
                   A        B        C        D        E       F      G
               +--------+--------+--------+--------+--------+-----+--------+
         Total |   5898 |   5750 |    148 |    462 |   4201 |  10 |  589.8 |
       Dungeon |   5835 |   5687 |    148 |    462 |   4161 |   8 |  729.4 |
         Abyss |     62 |     62 |      0 |      0 |     40 |   2 |   31.0 |
               +--------+--------+--------+--------+--------+-----+--------+

Top non-repeatable levels by time:
     D:5: 1315 daAuts
     D:1: 1312 daAuts
     D:4: 1262 daAuts
     D:3: 795 daAuts
     D:2: 739 daAuts
     D:8: 364 daAuts
     D:6: 43 daAuts
 Abyss:2: 37 daAuts
 Abyss:1: 25 daAuts
     D:7: 2 daAuts
